 Dungeon Crawl Stone Soup version 0.28.0-53-g5a82cb258f (webtiles) character file.

Game seed: 561561864472832098

118 issech the Chopper (level 4, -4/40 HPs)
             Began as a Minotaur Monk on June 17, 2022.
             Killed by divine providence
             ... invoked by an orc priest
              (15 damage)
             ... on level 3 of the Dungeon.
             The game lasted 00:05:14 (2109 turns).

issech the Chopper (Minotaur Monk)                  Turns: 2109, Time: 00:05:14

Health: -4/40      AC: 11    Str: 22    XL:     4   Next: 72%
Magic:  3/3        EV:  3    Int:  7    God:
Gold:   53         SH: 13    Dex: 14    Spells: 3/3 levels left

rFire   . . .      SeeInvis .   a - +0 hand axe
rCold   + . .      Faith    .   g - +1 tower shield {rPois}
rNeg    . . .      Spirit   .   p - +0 plate armour
rPois   +          Reflect  .   (helmet restricted)
rElec   .          Harm     .   (no cloak)
rCorr   .          Rampage  .   h - +0 pair of gloves
Will    .....                   (no boots)
Stlth   ..........              (no amulet)
HPRegen 0.13/turn               k - +6 ring of strength
MPRegen 0.08/turn               r - ring of protection from cold

@: no status effects
A: horns 2, retaliatory headbutt
a: no special abilities


You were on level 3 of the Dungeon.
You visited 1 branch of the dungeon, and saw 3 of its levels.

You collected 53 gold pieces.

Inventory:

Hand Weapons
 a - a +0 hand axe (weapon)
Missiles
 c - 56 stones (quivered)
 j - 35 sling bullets
 m - 16 bolts
 o - 17 arrows
Armour
 f - a +0 chain mail
 g - a +1 tower shield of poison resistance (worn)
 h - a +0 pair of gloves (worn)
 p - a +0 plate armour (worn)
Magical Staves
 q - a staff of poison
Jewellery
 b - a ring of positive energy
 k - a +6 ring of strength (left hand)
 r - a ring of protection from cold (right hand)
Scrolls
 i - a scroll of blinking {unknown}
 l - a scroll of enchant armour {unknown}
 n - a scroll of enchant weapon {unknown}
Potions
 d - 2 potions of heal wounds {unknown}
 e - 2 potions of degeneration {unknown}


   Skills:
 + Level 4.1 Fighting
 + Level 4.9 Axes
 + Level 1.9 Armour
 + Level 3.8 Dodging
 + Level 1.6 Stealth
 + Level 2.0 Shields


You had 3 spell levels left.
You didn't know any spells.
Your spell library was empty.

Dungeon Overview and Level Annotations

Branches:
Dungeon (3/15)

Altars:


Innate Abilities, Weirdness & Mutations

You have a pair of horns on your head.
You reflexively headbutt those who attack you in melee.


Message History

You see here a jackal corpse.
An orc priest comes into view. It is wielding a +0 trident.
The jackal bites you but does no damage.
The jackal bites you.
You closely miss the jackal. You headbutt the jackal.
You kill the jackal!
The orc hits you with a +0 club.
You slash the orc!
You kill the orc!
You hit the orc priest.
The orc priest is moderately wounded.
The orc priest hits you but does no damage. x2
You hit the orc priest but do no damage.
The orc priest is moderately wounded.
The orc priest hits you with a +0 hand axe.
You hit the orc priest.
The orc priest is severely wounded.
The orc priest hits you but does no damage.
The orc priest mumbles some strange prayers to Beogh against you.
Beogh smites you!
The orc priest hits you but does no damage.
You hit the orc priest but do no damage.
The orc priest is severely wounded.
You block the orc priest's attack.
You hit the orc priest but do no damage.
The orc priest is severely wounded.
The orc priest looks braver for a moment.
The orc priest invokes the aid of Beogh against you.
Beogh smites you!
* * * LOW HITPOINT WARNING * * *
Unknown command.
You hit the orc priest.
You kill the orc priest!
You block the goblin's attack.
Your Shields skill increases to level 2!
The orc priest looks encouraged for a moment.
The orc priest casts a cantrip, but nothing happens.
The orc priest mumbles some strange prayers to Beogh against you.
Beogh smites you!
You die...

#.
..#....................#
#..
#o#.##.###.......##.####
#..###.#. #.#
#.......##.# ....o.....#
#..........# ....######
#.......#### #:.#
#..###..# #..########.##
##.## #†.o)o.Jg..## ##.#
#.#######@.# #.# ...#
##†## ##.# .....# ##.##
##.## #...#.# ##.###.##
#......# ##...##
..J....# ##### #... .##


You could see an orc priest, an orc, an endoplasm and a goblin.

Vanquished Creatures
  An orc priest (D:3)
  5 adders (D:2)
  A worm (D:2)
  An orc (D:3)
  8 ball pythons
  7 bats
  4 endoplasms
  A giant cockroach (D:1)
  2 goblins (D:2)
  2 jackals (D:3)
  A quokka (D:2)
  5 frilled lizards
  3 kobolds
  3 rats
44 creatures vanquished.

Notes
Turn   | Place    | Note
-------+----------+-------------------------------------------
     0 | D:1      | issech the Minotaur Monk began the quest for the Orb.
     0 | D:1      | Reached XP level 1. HP: 19/19 MP: 0/0
   297 | D:1      | Reached XP level 2. HP: 22/27 MP: 1/1
   714 | D:1      | You fall into a shaft and drop 1 floor!
   748 | D:2      | Reached XP level 3. HP: 9/33 MP: 2/2
  1026 | D:2      | Reached skill level 1 in Shields
  1208 | D:2      | Found a faded altar of an unknown god.
  1270 | D:2      | Reached XP level 4. HP: 19/40 MP: 3/3
  1460 | D:2      | Reached skill level 1 in Armour
  2109 | D:3      | Killed from afar by an orc priest

Illustrated notes

Levels and vault maps discovered:
D:1:      minmay_arrival_radiant_lines, layout_loops_ring
D:2:      layout_basic, hellmonk_ecumenical_altar_run_dry
D:3:      layout_loops_cross

Skill      XL: |  1  2  3  4 |
---------------+-------------+-----
Axes           | 4 |  4.9
Fighting       | 4 |  4.1
Shields        | 1 2 |  2.0
Armour         | 1 |  1.9
Dodging        | |  3.8
Stealth        | |  1.6

Action                   |  1- 3 |  4- 6 || total
-------------------------+-------+-------++-------
Melee: Hand axe          |   112 |    27 ||   139
       Headbutt          |     7 |     3 ||    10
Armor: Robe              |     8 |       ||     8
       Chain mail        |    70 |    10 ||    80
       Plate armour      |       |    10 ||    10
Dodge: Dodged            |    33 |     4 ||    37
Block: Tower shield      |    57 |    15 ||    72
